Map: Kairos Junction LE

Players

monsterKill - Winner!

  • Race: Zerg Zerg
  • League: Gold
  • Spawn Location: 11:00

TiPtOP

  • Race: Terran Terran
  • League: Silver
  • Spawn Location: 5:00

VOD

Have the link to the VOD?

Description

Time

  • Played on: May 11, 2019, 4:30 a.m.
  • Length: 10:27
Show
View Real Time Build Order
Export as new Build Order

monsterKill Zerg - Winner!

Build Orders: Pool First 

Get SALT Encoding   

  12  0:02  Drone  
  13  0:13  Drone  
  14  0:27  Spawning Pool  
  13  0:29  Drone  
  14  0:37  Overlord  
  14  0:45  Overlord  
  14  1:14  Zergling x6  
  17  1:28  Hatchery  
  17  1:29  Drone  
  17  1:34  Queen  
  17  1:39  Drone  
  20  1:47  Drone  
  21  1:59  Drone  
  22  2:10  Queen  
  22  2:12  Drone  
  25  2:34  Drone x2  
  26  2:50  Drone  
  26  2:53  Drone  
  26  2:57  Extractor  
  26  3:00  Drone x2, Extractor  
  26  3:13  Drone x4  
  26  3:17  Queen  
  32  3:23  Queen  
  34  3:32  Drone  
  35  3:36  Overlord  
  35  3:37  Overlord  
  35  3:52  Overlord, Hatchery  
  34  4:01  Drone x2  
  34  4:02  Drone x2  
  38  4:03  Drone x3  
  41  4:12  Metabolic Boost, Baneling Nest  
  40  4:19  Drone x2  
  40  4:20  Drone x2  
  44  4:34  Drone x3  
  44  4:35  Drone x3  
  50  4:45  Roach Warren  
  50  4:46  Lair  
  50  4:52  Extractor  
  48  4:54  Extractor  
  48  4:56  Evolution Chamber  
  48  4:59  Evolution Chamber  
  45  5:05  Drone  
  46  5:07  Queen  
  46  5:12  Zergling x4  
  46  5:13  Zergling x6  
  53  5:22  Drone x4  
  53  5:23  Drone x2  
  53  5:25  Zerg Melee Weapons Level 1  
  59  5:36  Drone x2  
  61  5:46  Drone x2  
  61  5:47  Drone x2  
  65  5:55  Drone  
  66  5:57  Overlord x3  
  66  6:01  Zerg Ground Armor Level 1  
  66  6:11  Baneling x2  
  66  6:12  Baneling x3  
  66  6:16  Drone x4  
  66  6:17  Drone  
  71  6:25  Nydus Network  
  71  6:28  Drone x3, Hydralisk Den  
  71  6:29  Drone  
  71  6:30  Drone x3  
  71  6:31  Queen  
  78  6:43  Centrifical Hooks  
  78  6:45  Tunneling Claws  
  78  6:51  Drone x3  
  78  6:52  Spire, Drone x2  
  82  7:06  Zergling x2  
  82  7:07  Zergling x8, Queen  
  84  7:11  Muscular Augments  
  84  7:22  Infestation Pit, Drone x2  
  85  7:23  Drone x2  
  85  7:25  Extractor  
  85  7:27  Overseer, Extractor  
  85  7:31  Zerg Melee Weapons Level 2  
  85  7:39  Roach x2  
  85  7:41  Overlord x5  
  89  7:55  Zerg Missile Weapons Level 1  
  89  8:01  Roach x4  
  89  8:02  Roach x7  
  89  8:03  Roach x2  
  115  8:09  Hive  
  115  8:17  Hydralisk x2  
  115  8:18  Hydralisk  
  121  8:22  Grooved Spines  
  121  8:26  Drone x3  
  124  8:37  Hatchery  
  123  8:59  Hydralisk x2  
  123  9:00  Hydralisk  
  123  9:02  Overlord x4  
  129  9:03  Overlord x2  
  129  9:04  Overlord  
  129  9:12  Nydus Canal  
  122  9:34  Nydus Canal  
  122  9:38  Hydralisk x5  
  116  9:41  Roach x7  
  116  9:42  Roach  
  142  10:02  Roach x4  
  146  10:10  Drone x2  
  146  10:13  Drone  
Show
View Real Time Build Order
Export as new Build Order

TiPtOP Terran 

Build Orders:  

Get SALT Encoding   

  12  0:00  SCV  
  13  0:13  SCV  
  14  0:19  Supply Depot  
  14  0:25  SCV  
  15  0:40  SCV  
  15  0:41  Barracks  
  16  0:52  SCV  
  17  0:57  Refinery  
  17  1:04  SCV  
  18  1:16  SCV  
  19  1:31  Supply Depot  
  19  1:35  Orbital Command  
  19  1:46  Barracks Reactor  
  19  1:55  Barracks  
  19  2:23  Marine  
  20  2:40  Marine  
  11  2:52  SCV  
  9  3:04  Barracks Reactor  
  9  3:05  SCV, Marine  
  10  3:18  Supply Depot  
  10  3:24  SCV  
  10  3:36  SCV, Marine  
  10  3:40  Marine x2  
  14  3:48  SCV  
  15  4:00  SCV  
  16  4:04  Marine x2  
  16  4:06  Barracks Tech Lab  
  18  4:12  SCV  
  19  4:22  Marine x2  
  21  4:27  Marine  
  22  4:39  Marine  
  23  4:49  Bunker  
  23  4:54  Marine x2  
  23  4:56  SCV  
  26  5:03  Supply Depot  
  26  5:12  SCV  
  27  5:21  Supply Depot  
  27  5:31  Command Center  
  27  5:36  Marine x2  
  27  5:41  SCV  
  29  5:54  Supply Depot  
  29  5:59  SCV  
  30  6:14  Marine x2  
  33  6:18  SCV  
  33  6:28  Supply Depot  
  33  6:32  Marine x2  
  34  6:39  SCV  
  36  6:48  SCV  
  36  6:51  SCV  
  36  6:53  Supply Depot  
  38  6:55  Marine  
  38  7:00  SCV  
  40  7:03  SCV  
  40  7:11  Marine  
  40  7:12  SCV, Supply Depot  
  40  7:15  SCV  
  43  7:24  Orbital Command  
  43  7:29  SCV  
  44  7:35  Refinery  
  44  7:40  Supply Depot  
  44  7:46  SCV  
  44  7:49  Marine x3  
  48  7:54  Stimpack  
  48  8:00  Factory  
  48  8:01  SCV  
  49  8:36  Engineering Bay, SCV  
  50  8:50  Widow Mine  
  52  8:56  Starport  
  51  9:11  Widow Mine  
Tags
 
Add a new tag
Caveats
  • Supply blocks, unpowered buildings, or Contaminate may cause inaccurate times.
  • Supply counts are checked every 10 seconds.